BSA
BAFFIN ISLAND BEAVERS @ PLYMOUTH ROCKS
06/18/2028
 
TOP OF THE 1ST
Baffin Island Beavers batting - Pitching for Plymouth Rocks : RHP José Morán
Pitching: RHP José Morán
Batting: RHB Eduardo García 0-0: Ball
1-0: Ball
2-0: Ball
3-0: Foul Ball, location: 2F
3-1: Foul Ball, location: 2F
3-2: Foul Ball, location: 2F
3-2: Base on Balls
Batting: LHB Lorenzo Villa 0-0: Called Strike
0-1: Ball
1-1: Ball
2-1: Swinging Strike
2-2: Ball
3-2: Foul Ball, location: 2F
3-2: Base on Balls
Eduardo García to second
Batting: RHB Dave Craig 0-0: Foul Ball, location: 2F
0-1: Ball
1-1: Ball
2-1: Ball
3-1: Grounds into double play, 4-6-3 (Groundball, 4M)
Eduardo García to third
Batting: RHB Tony Morton 0-0: Ball
1-0: Swinging Strike
1-1: Ground out 5-3 (Groundball, 56)
Top of the 1st over - 0 run(s), 0 hit(s), 0 error(s), 1 left on base; Baffin Island 0 - Plymouth 0
BOTTOM OF THE 1ST
Plymouth Rocks batting - Pitching for Baffin Island Beavers : RHP Jesse Little
Pitching: RHP Jesse Little
Batting: LHB Roberto García 0-0: Called Strike
0-1: Swinging Strike
0-2: Ball
1-2: Ball
2-2: Ball
3-2: Fly out, F7 (Flyball, 78S)
Batting: LHB Roy Patrick 0-0: Ground out 6-3 (Groundball, 6S)
Batting: LHB Luis Villa 0-0: SINGLE (Groundball, 56D)
Batting: LHB Barrett Waters 0-0: Called Strike
0-1: Ball
1-1: Ball
2-1: Ground out U3 (Groundball, 3S)
Bottom of the 1st over - 0 run(s), 1 hit(s), 0 error(s), 1 left on base; Baffin Island 0 - Plymouth 0
TOP OF THE 2ND
Baffin Island Beavers batting - Pitching for Plymouth Rocks : RHP José Morán
Batting: LHB Robert Phillips 0-0: Foul Ball, location: 2F
0-1: Swinging Strike
0-2: Ball
1-2: Foul Ball, location: 2F
1-2: Ball
2-2: Fly out, F9 (Flyball, 9LDF)
Batting: RHB José Aguilera 0-0: Called Strike
0-1: Foul Ball, location: 2F
0-2: Ball
1-2: Ground out 5-3 (Groundball, 56)
Batting: LHB Keng-chi Lao 0-0: Ground out 4-3 (Groundball, 4)
Top of the 2nd over - 0 run(s), 0 hit(s), 0 error(s), 0 left on base; Baffin Island 0 - Plymouth 0
BOTTOM OF THE 2ND
Plymouth Rocks batting - Pitching for Baffin Island Beavers : RHP Jesse Little
Batting: LHB Bob Smith 0-0: Ball
1-0: Ball
2-0: Called Strike
2-1: Ball
3-1: Foul Ball, location: 2F
3-2: Foul Ball, location: 2F
3-2: Strikes out swinging
Batting: SHB Víctor Serrano 0-0: Ball
1-0: Ball
2-0: Swinging Strike
2-1: Foul Ball, location: 2F
2-2: Strikes out swinging
Batting: RHB Taylor McFarland 0-0: Called Strike
0-1: Foul Ball, location: 2F
0-2: Ball
1-2: Ball
2-2: Fly out, F9 (Flyball, 89M)
Bottom of the 2nd over - 0 run(s), 0 hit(s), 0 error(s), 0 left on base; Baffin Island 0 - Plymouth 0
TOP OF THE 3RD
Baffin Island Beavers batting - Pitching for Plymouth Rocks : RHP José Morán
Batting: LHB Mike MacFadden 0-0: Swinging Strike
0-1: Foul Ball, location: 2F
0-2: Ball
1-2: Foul Ball, location: 2F
1-2: Strikes out swinging
Batting: RHB Ángelo García 0-0: Ground out 6-3 (Groundball, 6M)
Batting: RHB Eduardo García 0-0: Ball
1-0: Called Strike
1-1: Ball
2-1: Ground out 6-3 (Groundball, 6)
Top of the 3rd over - 0 run(s), 0 hit(s), 0 error(s), 0 left on base; Baffin Island 0 - Plymouth 0
BOTTOM OF THE 3RD
Plymouth Rocks batting - Pitching for Baffin Island Beavers : RHP Jesse Little
Batting: RHB Wilbert Rodgers 0-0: Foul Ball, location: 2F
0-1: Fly out, F6 (Line Drive, 6M)
Batting: RHB António Gonzáles 0-0: Ball
1-0: Called Strike
1-1: SINGLE (Line Drive, 89M)
Batting: LHB Roberto García 0-0: Foul Ball, location: 2F
0-1: Swinging Strike
0-2: Ball
1-2: Foul Ball, location: 2F
1-2: Ball
2-2: Ball
3-2: DOUBLE (Line Drive, 7LM)
António Gonzáles to third
Batting: LHB Roy Patrick 0-0: Called Strike
0-1: Ball
1-1: Called Strike
1-2: Foul Ball, location: 2F
1-2: Ball
2-2: Foul Ball, location: 2F
2-2: Ground out U3 (Groundball, 3)
Batting: LHB Luis Villa 0-0: Ball
1-0: Ground out 4-3 (Groundball, 4S)
Bottom of the 3rd over - 0 run(s), 2 hit(s), 0 error(s), 2 left on base; Baffin Island 0 - Plymouth 0
TOP OF THE 4TH
Baffin Island Beavers batting - Pitching for Plymouth Rocks : RHP José Morán
Batting: LHB Lorenzo Villa 0-0: Called Strike
0-1: Ball
1-1: Called Strike
1-2: Fly out, F9 (Flyball, 9D)
Batting: RHB Dave Craig 0-0: Ball
1-0: Foul Ball, location: 2F
1-1: Foul Ball, location: 2F
1-2: SINGLE (Line Drive, 34)
Batting: RHB Tony Morton 0-0: Called Strike
0-1: Ball
1-1: Foul Ball, location: 2F
1-2: Foul Ball, location: 2F
1-2: Foul Ball, location: 2F
1-2: Strikes out swinging
Batting: LHB Robert Phillips 0-0: Ball
1-0: DOUBLE (Line Drive, 9LS)
Dave Craig to third
Batting: RHB José Aguilera 0-0: Ball
1-0: Fly out, F3 (Popup, 34S)
Top of the 4th over - 0 run(s), 2 hit(s), 0 error(s), 2 left on base; Baffin Island 0 - Plymouth 0
BOTTOM OF THE 4TH
Plymouth Rocks batting - Pitching for Baffin Island Beavers : RHP Jesse Little
Batting: LHB Barrett Waters 0-0: Ball
1-0: Ball
2-0: Foul Ball, location: 2F
2-1: Fly out, F2 (Popup, 3S)
Batting: LHB Bob Smith 0-0: Ground out 3-1 (Groundball, 34)
Batting: SHB Víctor Serrano 0-0: Called Strike
0-1: Ball
1-1: Foul Ball, location: 2F
1-2: Fly out, F8 (Flyball, 8LM)
Bottom of the 4th over - 0 run(s), 0 hit(s), 0 error(s), 0 left on base; Baffin Island 0 - Plymouth 0
TOP OF THE 5TH
Baffin Island Beavers batting - Pitching for Plymouth Rocks : RHP José Morán
Batting: LHB Keng-chi Lao 0-0: Ball
1-0: SINGLE (Groundball, 3D)
Batting: LHB Mike MacFadden 0-0: Foul Ball, location: 2F
0-1: Foul Ball, location: 2F
0-2: Strikes out swinging
Batting: RHB Ángelo García 0-0: Ball
1-0: Ball
2-0: Fly out, F9 (Flyball, 9)
Batting: RHB Eduardo García 0-0: Called Strike
0-1: Foul Ball, location: 2F
0-2: Foul Ball, location: 2F
0-2: Strikes out swinging
Top of the 5th over - 0 run(s), 1 hit(s), 0 error(s), 1 left on base; Baffin Island 0 - Plymouth 0
BOTTOM OF THE 5TH
Plymouth Rocks batting - Pitching for Baffin Island Beavers : RHP Jesse Little
Batting: RHB Taylor McFarland 0-0: Called Strike
0-1: Fly out, F4 (Line Drive, 4)
Batting: RHB Wilbert Rodgers 0-0: Ball
1-0: Called Strike
1-1: Fly out, F9 (Flyball, 9S)
Batting: RHB António Gonzáles 0-0: Ball
1-0: Fly out, F9 (Flyball, 9LM)
Bottom of the 5th over - 0 run(s), 0 hit(s), 0 error(s), 0 left on base; Baffin Island 0 - Plymouth 0
TOP OF THE 6TH
Baffin Island Beavers batting - Pitching for Plymouth Rocks : RHP José Morán
Batting: LHB Lorenzo Villa 0-0: Swinging Strike
0-1: Ball
1-1: Foul Ball, location: 2F
1-2: Ground out 1-3 (Groundball, 13S)
Batting: RHB Dave Craig 0-0: Ball
1-0: Ball
2-0: Called Strike
2-1: Foul Ball, location: 2F
2-2: Ball
3-2: Fly out, F9 (Flyball, 9S)
Batting: RHB Tony Morton 0-0: Ball
1-0: Ground out 5-3 (Groundball, 56)
Top of the 6th over - 0 run(s), 0 hit(s), 0 error(s), 0 left on base; Baffin Island 0 - Plymouth 0
BOTTOM OF THE 6TH
Plymouth Rocks batting - Pitching for Baffin Island Beavers : RHP Jesse Little
Batting: LHB Roberto García 0-0: Called Strike
0-1: Ball
1-1: Ground out 1-3 (Groundball, 13S)
Batting: LHB Roy Patrick 0-0: Ball
1-0: Called Strike
1-1: Foul Ball, location: 2F
1-2: Foul Ball, location: 2F
1-2: Fly out, F7 (Flyball, 7LS)
Batting: LHB Luis Villa 0-0: Called Strike
0-1: Ball
1-1: Ball
2-1: Called Strike
2-2: Foul Ball, location: 2F
2-2: Strikes out swinging
Bottom of the 6th over - 0 run(s), 0 hit(s), 0 error(s), 0 left on base; Baffin Island 0 - Plymouth 0
TOP OF THE 7TH
Baffin Island Beavers batting - Pitching for Plymouth Rocks : RHP José Morán
Batting: LHB Robert Phillips 0-0: Swinging Strike
0-1: Called Strike
0-2: Ground out 4-3 (Groundball, 4)
Batting: RHB José Aguilera 0-0: Called Strike
0-1: Ball
1-1: Ball
2-1: Ball
3-1: Foul Ball, location: 2F
3-2: Strikes out looking
Batting: LHB Keng-chi Lao 0-0: Foul Ball, location: 2F
0-1: Ground out 4-3 (Groundball, 34)
Top of the 7th over - 0 run(s), 0 hit(s), 0 error(s), 0 left on base; Baffin Island 0 - Plymouth 0
BOTTOM OF THE 7TH
Plymouth Rocks batting - Pitching for Baffin Island Beavers : RHP Jesse Little
Batting: LHB Barrett Waters 0-0: Ball
1-0: Called Strike
1-1: Foul Ball, location: 2F
1-2: Foul Ball, location: 2F
1-2: Strikes out swinging
Batting: LHB Bob Smith 0-0: SINGLE (Groundball, 6MD)
Batting: SHB Víctor Serrano 0-0: Ball
1-0: Swinging Strike
1-1: Ball
2-1: Swinging Strike
2-2: Strikes out swinging
Batting: RHB Taylor McFarland 0-0: Fielders Choice at 2nd, 6-4 (Groundball, 6)
Bottom of the 7th over - 0 run(s), 1 hit(s), 0 error(s), 0 left on base; Baffin Island 0 - Plymouth 0
TOP OF THE 8TH
Baffin Island Beavers batting - Pitching for Plymouth Rocks : RHP José Morán
Batting: LHB Mike MacFadden 0-0: Ground out 4-3 (Groundball, 4)
Pinch Hitting: SHB Ron Edwards 0-0: Called Strike
0-1: Foul Ball, location: 2F
0-2: Ball
1-2: Fly out, F7 (Flyball, 7D)
Batting: RHB Eduardo García 0-0: Ball
1-0: Fly out, F9 (Flyball, 9LS)
Top of the 8th over - 0 run(s), 0 hit(s), 0 error(s), 0 left on base; Baffin Island 0 - Plymouth 0
BOTTOM OF THE 8TH
Plymouth Rocks batting - Pitching for Baffin Island Beavers : RHP Jesse Little
Now at 2B: António Valdéz
Batting: RHB Wilbert Rodgers 0-0: Swinging Strike
0-1: Ground out 6-3 (Groundball, 6)
Pinch Hitting: RHB Jorge Jiménez 0-0: Called Strike
0-1: Swinging Strike
0-2: Strikes out swinging
Batting: LHB Roberto García 0-0: Foul Ball, location: 2F
0-1: Ball
1-1: Called Strike
1-2: Ball
2-2: Ground out 4-3 (Groundball, 4)
Bottom of the 8th over - 0 run(s), 0 hit(s), 0 error(s), 0 left on base; Baffin Island 0 - Plymouth 0
TOP OF THE 9TH
Baffin Island Beavers batting - Pitching for Plymouth Rocks : RHP José Morán
Pitching: RHP Robinson Gonzáles
Now at 3B: Jorge Jiménez
Batting: LHB Lorenzo Villa 0-0: Ball
1-0: Foul Ball, location: 2F
1-1: Foul Ball, location: 2F
1-2: Ground out U3 (Groundball, 3S)
Batting: RHB Dave Craig 0-0: Ball
1-0: Swinging Strike
1-1: Called Strike
1-2: Strikes out swinging
Batting: RHB Tony Morton 0-0: Ball
1-0: Fly out, F8 (Flyball, 8RXD)
Top of the 9th over - 0 run(s), 0 hit(s), 0 error(s), 0 left on base; Baffin Island 0 - Plymouth 0
BOTTOM OF THE 9TH
Plymouth Rocks batting - Pitching for Baffin Island Beavers : RHP Jesse Little
Batting: LHB Roy Patrick 0-0: Ball
1-0: Fly out, F8 (Flyball, 8LS)
Batting: LHB Luis Villa 0-0: SINGLE (Line Drive, 6D)
Batting: LHB Barrett Waters 0-0: Ball
1-0: Ball
2-0: Called Strike
2-1: Ball
3-1: Foul Ball, location: 2F
3-2: DOUBLE (Line Drive, 89D)
Luis Villa to third
Luis Villa scores
Tuesday, August 8th, 2017 - OOTP Baseball 17.12 Build 75